 Dungeon Crawl Stone Soup version 0.28.0-45-g0d030f2227 (webtiles) character file.

Game seed: 11508040811408598718

17 xaos the Conjurer (level 2, 0/19 HPs)
             Began as a Human Conjurer on Apr 7, 2022.
             Succumbed to an adder's poison
             ... on level 2 of the Dungeon.
             The game lasted 00:04:16 (2305 turns).

xaos the Conjurer (Human Conjurer)                  Turns: 2305, Time: 00:04:16

Health: 0/19       AC:  2    Str:  6 (7)  XL:     2   Next: 80%
Magic:  0/5        EV: 12    Int: 16 (18) God:
Gold:   49         SH:  0    Dex:  9 (11) Spells: 4/5 levels left

rFire   . . .      SeeInvis .   c - +0 short sword
rCold   . . .      Faith    .   (no shield)
rNeg    . . .      Spirit   .   a - +0 robe
rPois   .          Reflect  .   (no helmet)
rElec   .          Harm     .   (no cloak)
rCorr   .          Rampage  .   (no gloves)
Will    .....                   (no boots)
Stlth   ++........              (no amulet)
HPRegen 0.06/turn               (no ring)
MPRegen 0.09/turn               (no ring)

@: lethally poisoned (0 -> -1)
A: no striking features
a: no special abilities


You were on level 2 of the Dungeon.
You visited 1 branch of the dungeon, and saw 2 of its levels.

You collected 49 gold pieces.

Inventory:

Hand Weapons
 c - a +0 short sword (weapon)
 g - a +0 hand axe
Missiles
 b - 46 stones
 e - 13 sling bullets
Armour
 a - a +0 robe (worn)
Scrolls
 d - a scroll of noise {unknown}
 f - a scroll of identify {unknown}


   Skills:
 + Level 0.4 Short Blades
 + Level 2.1 Dodging
 + Level 2.0 Stealth
 + Level 2.0 Spellcasting
 + Level 4.5 Conjurations


You had 4 spell levels left.
You knew the following spells:

 Your Spells              Type           Power      Damage    Failure   Level
a - Magic Dart            Conj           64%        1d6       3%          1

Your spell library contained the following spells:

 Spells                   Type           Power      Damage    Failure   Level
 Searing Ray              Conj           32%        2d5       4%          2
 Dazzling Flash           Conj/Hex       16%        N/A       24%         3
 Fulminant Prism          Conj/Hex       4%         3d6       63%         4
 Iskenderun's Mystic Bla  Conj/Tloc      8%         2d4       63%         4


Dungeon Overview and Level Annotations

Branches:
Dungeon (2/15)

Altars:


Message History

The hobgoblin closely misses you.
You closely miss the hobgoblin. The hobgoblin hits you.
You hit the hobgoblin.
The hobgoblin is severely wounded.
The hobgoblin barely misses you. The adder bites you.
You are poisoned.
The adder poisons you! The hobgoblin barely misses you.
The adder barely misses you.
You feel sick.
You feel sick.
Aiming: Magic Dart (safe; 3% risk of failure)
Press: ? - help, Q - select action, (/) - cycle Shift-Dir - straight line, f - hobgoblin
Aim: a hobgoblin (severely wounded, 100% to hit)
The magic dart hits the hobgoblin but does no damage.
The hobgoblin is severely wounded.
You feel sick. The hobgoblin hits you.
You feel sick.
You don't have enough magic to cast this spell.
You feel sick.
You are no longer poisoned.
The hobgoblin closely misses you.
You don't have enough magic to cast this spell.
You don't have enough magic to cast this spell.
Aiming: Magic Dart (safe; 3% risk of failure)
Press: ? - help, Q - select action, (/) - cycle Shift-Dir - straight line, f/p - hobgoblin
Aim: a hobgoblin (severely wounded, 100% to hit)
The magic dart hits the hobgoblin.
You kill the hobgoblin!
The adder bites you.
* * * LOW HITPOINT WARNING * * *
You are lethally poisoned!
The adder poisons you!
* * * LOW HITPOINT WARNING * * *
You feel sick.
* * * LOW HITPOINT WARNING * * *
You feel sick.
* * * LOW HITPOINT WARNING * * *
You feel sick. The adder closely misses you.
You die...

##)### #....#
###########..#
#..†.........#
#.#.###.####.####.
#.#.# #.# #<..S..
#S#.. #.# ##.###.
#.##.##.# #.# #@#
.##.# ###.###
#.......# #.....#
####.#### #.....#
.. #.....# ##
#.....# #.....#
#######


You could see an adder.

Vanquished Creatures
  A dart slug (D:1)
  2 ball pythons
  A giant cockroach (D:1)
  2 goblins
  A hobgoblin (D:2)
  2 jackals (D:1)
  2 kobolds (D:1)
  A quokka (D:1)
  A bat (D:1)
13 creatures vanquished.

Notes
Turn   | Place    | Note
-------+----------+-------------------------------------------
     0 | D:1      | xaos the Human Conjurer began the quest for the Orb.
     0 | D:1      | Reached XP level 1. HP: 13/13 MP: 3/3
  1104 | D:1      | Reached XP level 2. HP: 19/19 MP: 5/5
  2035 | D:1      | Found a faded altar of an unknown god.
  2305 | D:2      | Succumbed to an adder's poison

Illustrated notes

Levels and vault maps discovered:
D:1:      dpeg_arrival_boxorama, layout_basic,
          hellmonk_ecumenical_altar_crossroads, chequers_hall_statues_corner_a
D:2:      layout_loops_cross

Action                   || total
-------------------------++-------
Melee: Short sword       ||    33
 Cast: Magic Dart        ||    18
  Use: Potion            ||     1
Armor: Robe              ||    10
Dodge: Dodged            ||    28
